[Event "*** SCC Grand Prix: Titled Tuesday Blitz"]
[Site "Chess.com"]
[Date "2020.09.29"]
[Round "2"]
[White "Manukyan_Artak"]
[Black "Nils_03"]
[Result "0-1"]
[WhiteElo "2413"]
[BlackElo "2246"]
[TimeControl "180+1"]
[EndTime "10:17:55 PDT"]
[Termination "Nils_03 won on time"]

1. e4 c5 2. Nf3 Nf6 3. e5 Nd5 4. Nc3 Nxc3 5. dxc3 e6 6. Bf4 Nc6 7. Qd2 Qc7 8. O-O-O b6 9. h4 Bb7 10. Bb5 h6 11.
Qe2 O-O-O 12. Ba6 d6 13. Bxb7+ Kxb7 14. exd6 Bxd6 15. Bxd6 Rxd6 16. Rxd6 Qxd6 17. Rd1 Qf4+ 18. Qe3 Qxe3+ 19. fxe3 Rd8 20. g4 Rxd1+ 21. Kxd1 Kc7 22. g5 h5 23. b3 Kd6 24. Ke2 Ne5 25. Nd2 Ng6 26.
Nf3 e5 27. e4 Ke6 28. b4 f5 29. gxf6 Kxf6 30. bxc5 bxc5 31. Kd3 Nf4+ 32. Kc4 Ne6 33. Kd5 g5 34. hxg5+ Nxg5 35. Nxe5 h4 36. Ng4+ Ke7 37. e5 h3 38. c4 Nf3 39. Ke4 h2 40. Nf2 Nd4 41. c3 Ne2 42. Kd5 Nxc3+ 43. Kc6 Ke6 44. a3 a5 45. Kb6 a4 46. Ka5 Kxe5 47.
Ng4+ Kd4 48. Nxh2 Kxc4 49. Nf3 Kb3 50. Kb6 Ne4 51. Ne5 Kxa3 52. Kb5 Kb3 53. Nc4 a3 54.
Nxa3 Kxa3 55. Kc4 Ka4 0-1

[Event "*** SCC Grand Prix: Titled Tuesday Blitz"]
[Site "Chess.com"]
[Date "2020.09.29"]
[Round "2"]
[White "Harsha_Bharathakoti"]
[Black "OhanyanEminChess"]
[Result "0-1"]
[WhiteElo "2747"]
[BlackElo "2509"]
[TimeControl "180+1"]
[EndTime "10:17:56 PDT"]
[Termination "OhanyanEminChess won by resignation"]

1. f4 d5 2. Nf3 Nf6 3. g3 g6 4.
Bg2 Bg7 5. O-O O-O 6. d3 c5 7. Na3 Nc6 8. c4 d4 9. h3 Re8 10. Nc2 Qc7 11. Rb1 b6 12. b4 Nd7 13.
Qe1 Bb7 14. Qf2 Rab8 15. g4 e5 16. bxc5 bxc5 17. Ng5 Nd8 18. fxe5 Bxg2 19. Rxb8 Bxf1 20. Rxd8 Qxd8 21. Qxf7+ Kh8 22. Qxf1 Nxe5 23. Bf4 h6 24. Bxe5 Qxg5 25. Bg3 Qe7 26. Ne1 Qxe2 27. Ng2 Qxf1+ 28. Kxf1 g5 29. Bd6 Rc8 30. Ne1 Rc6 31. Bg3 Ra6 32. Nf3 Rxa2 33. Ne5 Bxe5 34. Bxe5+ Kh7 35. Bd6 Rd2 36. Bxc5 a5 37. Bxd4 Rxd3 38. Bb6 a4 39.
c5 Rxh3 40. Ke2 Rc3 41. Kd2 Rc4 42. Kd3 Rc1 43. Kd2 Rb1 44. Bc7 a3 45. Be5 a2 46.
c6 a1=Q 47. Bxa1 Rxa1 0-1

[Event "*** SCC Grand Prix: Titled Tuesday Blitz"]
[Site "Chess.com"]
[Date "2020.09.29"]
[Round "2"]
[White "ExcitingTrap"]
[Black "johnathan113"]
[Result "0-1"]
[WhiteElo "2289"]
[BlackElo "2580"]
[TimeControl "180+1"]
[EndTime "10:17:56 PDT"]
[Termination "johnathan113 won by resignation"]

1. e4 c5 2. Nf3 g6 3. d4 cxd4 4.
Nxd4 Bg7 5. c4 Nc6 6. Nxc6 bxc6 7. Be2 Nf6 8. Nc3 O-O 9. O-O d6 10. Re1 Rb8 11. Rb1 Qa5 12. Be3 Be6 13. Rf1 Nd7 14. Bd2 Rfc8 15. b4 Qd8 16. a3 Ne5 17. Qb3 Qb6 18. Be3 Qa6 19. f4 Bxc4 20. fxe5 Bxe2 21. Qxf7+ Kh8 22. Nxe2 Qxe2 23. Rbe1 Qb2 24. Qxe7 Qxe5 25. Rf7 Qc3 26. Bf2 Rf8 27. Qxa7 Rxf7 28. Qxf7 Rf8 29. Qa2 c5 30. bxc5 dxc5 31. Qe2 c4 32. Bc5 Rc8 33. Bb4 Qb3 34. Rd1 c3 35. Qg4 Re8 36.
Qd7 Rg8 37. Rf1 c2 38. Bd2 h6 39. Bc1 Qb6+ 40. Kh1 Rd8 41. Qe6 Rd1 42. Qf7 Qb5 43.
Rg1 Rxg1+ 44. Kxg1 Qe2 45. Qf1 Bd4+ 46. Be3 Bxe3+ 0-1

[Event "*** SCC Grand Prix: Titled Tuesday Blitz"]
[Site "Chess.com"]
[Date "2020.09.29"]
[Round "2"]
[White "jerry_77"]
[Black "Abdimalik_Abdisalimov"]
[Result "0-1"]
[WhiteElo "2481"]
[BlackElo "2738"]
[TimeControl "180+1"]
[EndTime "10:17:58 PDT"]
[Termination "Abdimalik_Abdisalimov won by resignation"]

1. e4 c5 2. Nf3 d6 3. d4 cxd4 4.
Nxd4 Nf6 5. Nc3 a6 6. Be3 e5 7.
Nb3 Be6 8. h3 Nbd7 9. f4 Rc8 10.
f5 Bc4 11. Bxc4 Rxc4 12. Nd2 Rxc3 13. bxc3 Qc7 14. c4 Be7 15. Qe2 h5 16. Rb1 h4 17.
Rb3 Bd8 18. O-O Nc5 19. Bxc5 Qxc5+ 20. Qf2 Qc8 21. Rfb1 b6 22. a4 Nd7 23. a5 bxa5 24. Kh2 O-O 25. g3 Nc5 26. Rf3 Bg5 27. gxh4 Bf4+ 28. Rxf4 exf4 29. Rg1 Qd8 30. Qxf4 Qf6 31.
Nf3 Re8 32. e5 dxe5 33. Qe3 Qxf5 34. Rg5 Qxc2+ 35. Rg2 Qxc4 36. Kh1 f6 37. h5 Qe4 38. Qxc5 Qxf3 39. Qc7 Qxh3+ 40. Kg1 Qe3+ 41. Kh1 Qh6 42. Qc6 Qxh5+ 43. Kg1 Qf7 44. Qxa6 e4 45. Qxa5 e3 46.
Re2 f5 47. Kf1 f4 48. Qc5 Qe6 49. Ke1 f3 50. Rb2 f2+ 51. Kf1 Qh3+ 0-1

[Event "*** SCC Grand Prix: Titled Tuesday Blitz"]
[Site "Chess.com"]
[Date "2020.09.29"]
[Round "2"]
[White "CheckThis4"]
[Black "kasparicy"]
[Result "1-0"]
[WhiteElo "2600"]
[BlackElo "2336"]
[TimeControl "180+1"]
[EndTime "10:17:58 PDT"]
[Termination "CheckThis4 won by resignation"]

1. e4 c5 2. Nf3 d6 3. d4 cxd4 4.
Nxd4 Nf6 5. Nc3 a6 6. Bc4 e6 7. Bb3 Nbd7 8. Bg5 Nc5 9. Qe2 Be7 10. h4 Qc7 11. O-O-O h6 12. Bd2 b5 13. f3 Bb7 14. g4 b4 15. Na4 Qa5 16. Nxc5 dxc5 17. Nxe6 fxe6 18. Bxe6 Bc6 19. g5 Nd7 20. Bd5 Bxd5 21.
exd5 Qxa2 22. Bf4 Qa1+ 23. Kd2 Qxb2 24. Bd6 Qc3+ 25. Kc1 Qa1+ 26. Kd2 Qc3+ 27. Kc1 O-O 28. Bxe7 Rxf3 29. Rhf1 Re3 30. Qf2 Rxe7 31. Rd3 Qa1+ 32. Kd2 Qe5 33. d6 Ree8 34. Qf7+ Kh8 35. Rdf3 Rf8 36. Qxd7 Rxf3 37. Rxf3 Qd5+ 38. Rd3 Qg2+ 39. Kc1 Qh1+ 40. Rd1 Qxh4 41. gxh6 Qxh6+ 42. Kb1 Qf6 43. Qc7 Rd8 44. d7 Kg8 45. Re1 Kf8 46. Qc8 Kf7 47.
Re8 Qf1+ 48. Kb2 Qf6+ 49. Kb1 Qf1+ 50. Ka2 Qc4+ 51. Kb2 Qd4+ 52. Kb1 Qxd7 53. Rxd8 Qxc8 54. Rxc8 1-0

[Event "*** SCC Grand Prix: Titled Tuesday Blitz"]
[Site "Chess.com"]
[Date "2020.09.29"]
[Round "2"]
[White "Rogarcia1"]
[Black "geordie_derraugh"]
[Result "0-1"]
[WhiteElo "2105"]
[BlackElo "2399"]
[TimeControl "180+1"]
[EndTime "10:17:58 PDT"]
[Termination "geordie_derraugh won by checkmate"]

1. e4 c5 2. Nf3 d6 3. d4 cxd4 4. Qxd4 Nc6 5. Qe3 g6 6. Be2 Bh6 7. Qc3 f6 8. Bxh6 Nxh6 9. O-O O-O 10. Rd1 Nf7 11. Bc4 Kg7 12. Na3 a6 13. Bd5 Qc7 14.
Nd4 Nfd8 15. Nc4 Nxd4 16. Qxd4 Ne6 17. Qe3 Nc5 18. Nd2 e6 19. Bb3 b5 20. Rac1 Bb7 21. c4 b4 22. Bc2 Qc6 23. Re1 Rad8 24. Nb3 Qb6 25. Nd4 Rfe8 26. b3 e5 27. Nf3 Qc7 28.
Rcd1 Ne6 29. Rd2 Nf4 30. Red1 Re6 31. g3 Nh5 32. Ne1 Rf8 33. Ng2 Rd8 34. f4 exf4 35.
gxf4 Rde8 36. e5 fxe5 37. fxe5 Rxe5 38. Qd4 Bxg2 39. Kxg2 Nf6 40. Qxd6 Qxd6 41. Rxd6 Re2+ 42. Kg3 Rxc2 43. Rxa6 Rc3+ 44. Kh4 Re4+ 45. Kg5 Rg4# 0-1

[Event "*** SCC Grand Prix: Titled Tuesday Blitz"]
[Site "Chess.com"]
[Date "2020.09.29"]
[Round "2"]
[White "ElusiveCat"]
[Black "Miss_JJ20"]
[Result "0-1"]
[WhiteElo "2290"]
[BlackElo "2456"]
[TimeControl "180+1"]
[EndTime "10:17:59 PDT"]
[Termination "Miss_JJ20 won by checkmate"]

1. d4 Nf6 2. c4 e6 3. Nc3 Bb4 4. f3 d5 5. a3 Bxc3+ 6. bxc3 O-O 7. cxd5 Nxd5 8. e4 Nxc3 9. Qb3 Nxe4 10. fxe4 Qxd4 11. Qb1 Nc6 12. Nf3 Qc5 13. Be2 e5 14. Bd2 Nd4 15. Nxd4 Qxd4 16. Ra2 Be6 17. Rb2 Rad8 18.
Qc2 b6 19. Rb4 Qa1+ 20. Qc1 Qa2 21. Qb2 c5 22. Qxa2 Bxa2 23. Rb2 Be6 24. O-O Rd4 25.
Bf3 Rfd8 26. Bc3 Ra4 27. Bxe5 Rxa3 28. Kf2 f6 29. Bf4 c4 30. Rc1 Rc8 31. Rbc2 b5 32. Bd2 a5 33. Rc3 Ra2 34. R3c2 Ra3 35. Be2 a4 36. Bb4 Rb3 37. Be1 Kf7 38. h3 a3 39.
Ra2 b4 40. Rca1 c3 41. Rc2 Rb2 42. Rac1 Rxc2 43. Rxc2 a2 44. Bxc3 Rxc3 45. Rb2 Ra3 46. Rxb4 a1=Q 47. Rb7+ Kg6 48. Rb6 Qd4+ 49. Kf1 Qxb6 50.
g4 Ra1+ 51. Kg2 Qe3 52. Bf1 Ra2+ 53. Kh1 Qf3+ 54. Kg1 Qf2+ 55. Kh1 Qh2# 0-1

[Event "*** SCC Grand Prix: Titled Tuesday Blitz"]
[Site "Chess.com"]
[Date "2020.09.29"]
[Round "2"]
[White "KyronGriffith"]
[Black "Tooweak2slow03"]
[Result "1/2-1/2"]
[WhiteElo "2516"]
[BlackElo "2799"]
[TimeControl "180+1"]
[EndTime "10:18:02 PDT"]
[Termination "Game drawn by repetition"]

1. e4 e6 2. d4 d5 3. Nd2 Nc6 4. Ngf3 Nf6 5. e5 Nd7 6. c3 f6 7. exf6 Qxf6 8. Bb5 Bd6 9. Nf1 O-O 10. Ne3 Nb6 11.
Bxc6 bxc6 12. O-O e5 13. dxe5 Bxe5 14. Nxe5 Qxe5 15. Re1 Qf6 16. f3 Bd7 17. Bd2 Rae8 18. Qc2 Re7 19. Nf1 Rfe8 20. Rxe7 Rxe7 21. Re1 Rxe1 22.
Bxe1 Nc4 23. Bf2 Bf5 24. Qe2 Qe6 25. Qxe6+ Bxe6 26. b3 Nb6 27. a4 Nc8 28. Bd4 a6 29.
b4 Nd6 30. Ne3 Nc4 31. Nxc4 dxc4 32. Be5 c5 33. Bxc7 cxb4 34. cxb4 Bd7 35. a5 c3 36. Be5 c2 37. Bb2 Kf7 38. Kf2 Ke6 39. Ke3 Ba4 40. Kd2 g6 41. Kd3 Kd5 42. Bc1 Kc6 43. Kc4 Bb5+ 44.
Kc3 Ba4 45. Kc4 Kd6 46. Kd4 Bb5 47. g3 Bf1 48. Kc3 Be2 49. Kxc2 Bxf3 50. Kc3 Kc6 51. Bh6 Kd5 52. Kd3 Bg2 53. Bf8 Ke5 54.
Ke3 h5 55. Bg7+ Kf5 56. h4 Kg4 57. Be5 Bf1 58. Kd4 g5 59. hxg5 Kxg5 60. Bc7 Kg4 61. Kc5 Bb5 62. Bd6 Kf5 63. Bc7 Ke4 64. Bb8 Kf5 65. Bc7 Ke4 66. Bb8 Kf3 67. Bc7 Kg4 68.
Bb8 Kh3 69. Kd4 Kg4 70. Ke3 h4 71. gxh4 Kxh4 72. Kd4 Kg4 73. Kc5 Kf5 74. Ba7 Ke4 75. Bb6 Kd3 76. Bd8 Kc3 77. Be7 Kb3 78. Bf8 Ka4 79. Bg7 Kb3 80. Bh8 Ka2 81. Bg7 Kb1 82.
Bh8 Kc2 83. Bg7 Kd2 84. Bh8 Kd3 85. Bg7 Ke4 86. Bh8 Kf5 87. Bg7 Kg6 88. Ba1 Kf7 89. Bb2 Ke6 90. Ba1 Kd7 91. Bb2 Kc8 92. Ba1 Kc7 93. Bb2 Kb7 94. Ba1 Ka8 95. Bb2 Kb8 96. Ba1 Kc8 97. Bb2 Kd8 98. Ba1 Ke8 99. Bb2 Kf8 100.
Bc3 Kg8 101. Bb2 Kh7 102. Ba1 Kg6 103. Bb2 Kf5 104. Ba1 Ke4 105. Bb2 Kd3 106. Bh8 Kc2 107. Bg7 Kb1 108. Bh8 Ka2 109. Bg7 Kb3 110. Bh8 Ka4 111. Bg7 Kb3 1/2-1/2

[Event "*** SCC Grand Prix: Titled Tuesday Blitz"]
[Site "Chess.com"]
[Date "2020.09.29"]
[Round "2"]
[White "Sanan_Sjugirov"]
[Black "Arkady_Gitelson"]
[Result "1/2-1/2"]
[WhiteElo "2845"]
[BlackElo "2550"]
[TimeControl "180+1"]
[EndTime "10:18:03 PDT"]
[Termination "Game drawn by repetition"]

1. e4 c5 2. Nf3 Nc6 3. Bb5 e6 4. O-O Nge7 5. b3 a6 6. Bxc6 Nxc6 7. Bb2 d6 8. d4 cxd4 9. Nxd4 e5 10. Ne2 Be7 11. Nbc3 O-O 12. Nd5 Bg5 13. Qd3 f5 14. f3 Be6 15. Kh1 Kh8 16. Ba3 fxe4 17. fxe4 Bg4 18.
Ng3 g6 19. Rxf8+ Qxf8 20. Rf1 Qd8 21. c3 Be6 22. Qf3 Kg7 23. Qd3 b5 24. Ne3 Be7 25. Qd2 Ra7 26. Bc1 Bg5 27. Rd1 Rd7 28. Qe2 Bf4 29. Nd5 Bxd5 30. exd5 Ne7 31. Bxf4 exf4 32. Ne4 Nf5 33. Qf2 Ne3 34. Rg1 Rf7 35. c4 bxc4 36.
bxc4 Nxc4 37. Qd4+ Ne5 38. Nc5 dxc5 39. Qxe5+ Qf6 40. Qe4 f3 41. g3 f2 42. Rf1 Qc3 43. Kg2 Qd2 44. Qe5+ Kg8 45. d6 Qd3 46. Qe8+ Kg7 47.
Qe5+ Kg8 48. h4 Qf3+ 49. Kh2 Qd3 50. Kg2 Qf3+ 51. Kh2 Qd3 52. Kg2 1/2-1/2

[Event "*** SCC Grand Prix: Titled Tuesday Blitz"]
[Site "Chess.com"]
[Date "2020.09.29"]
[Round "2"]
[White "GelmanAlexander"]
[Black "Zhuu96"]
[Result "1-0"]
[WhiteElo "2538"]
[BlackElo "2806"]
[TimeControl "180+1"]
[EndTime "10:18:03 PDT"]
[Termination "GelmanAlexander won by resignation"]

1. d4 Nf6 2. Nc3 d6 3. e4 e5 4. Nf3 Nbd7 5. g4 Nxg4 6. Rg1 Ngf6 7. Bc4 h6 8. Be3 c6 9. Nh4 b5 10. Bb3 b4 11. Na4 d5 12. exd5 cxd5 13. Nf5 g6 14.
dxe5 Nxe5 15. Nd4 Bd6 16. Qe2 O-O 17. O-O-O Re8 18. Kb1 Neg4 19. Qf3 Ne5 20. Qg2 Kh7 21. h4 Bg4 22. f3 Nxf3 23. Nxf3 Rxe3 24. Rdf1 Qe7 25.
Ng5+ hxg5 26. hxg5 Re8 27. a3 Rg3 28. Qh1+ Rh3 29. gxf6 Qe2 30. Qxd5 Qe6 31. Qg5 Rxb3 32. Rxg4 Rh3 33. Rh4+ Rxh4 34. Qxh4+ Kg8 35. Rh1 Bh2 36. Rxh2 Qe1+ 37. Qxe1 Rxe1+ 38. Ka2 bxa3 39. Kxa3 Rf1 40. c4 Rxf6 41. c5 g5 42. b4 a6 43. Nc3 g4 44. Nd5 Re6 45. Rg2 f5 46. Ka4 Kf7 47. Ka5 Rc6 48. Ne3 Kf6 49. Rf2 Ke5 50. Nxf5 Rf6 51.
b5 axb5 52. Kxb5 Rxf5 53. Rxf5+ Kxf5 54. c6 Ke6 55. Kb6 g3 56. c7 1-0

[Event "*** SCC Grand Prix: Titled Tuesday Blitz"]
[Site "Chess.com"]
[Date "2020.09.29"]
[Round "2"]
[White "cassoulet"]
[Black "leoduarte"]
[Result "1-0"]
[WhiteElo "2648"]
[BlackElo "2305"]
[TimeControl "180+1"]
[EndTime "10:18:03 PDT"]
[Termination "cassoulet won on time"]

1. e4 c5 2. Nf3 Nc6 3. Bb5 g6 4. O-O Bg7 5. Re1 e5 6. c3 Nge7 7. d4 cxd4 8. cxd4 exd4 9. Bg5 h6 10. Bh4 O-O 11. Na3 a6 12. Bc4 b5 13. Bb3 Bb7 14. Nc2 Qb6 15. e5 Nf5 16. Bf6 Bxf6 17.
exf6 Na5 18. Nfxd4 Nxb3 19. Nxf5 Nxa1 20. Nxh6+ Kh7 21.
Ng4 Qc6 22. Nce3 Nc2 23. Qxc2 Qxc2 24. Nxc2 Rfe8 25. Rd1 Be4 26. Nd4 Bf5 27. Nxf5 gxf5 28. Ne3 f4 29. Nd5 f3 30. Nc7 fxg2 31. Nxa8 Rxa8 32.
Rxd7 Kg6 33. Rd6 a5 34. Kxg2 Rc8 35. Rb6 b4 36. Rb5 Rc2 37. Rxa5 Rxb2 38. Ra6 Rc2 39. Kg3 Rc3+ 40. f3 Rc4 41. h4 Rd4 42. Rb6 Rc4 43.
f4 Rc3+ 44. Kg4 Rc4 45. h5+ Kh7 46. Kg5 Rc1 47. Rb7 Rg1+ 48. Kf5 Kg8 49. Rb8+ Kh7 50.
Rxb4 Rh1 51. Rb7 Rxh5+ 52. Kg4 Ra5 53. Rxf7+ Kg8 54. Rb7 Rxa2 55. Kf5 1-0

[Event "*** SCC Grand Prix: Titled Tuesday Blitz"]
[Site "Chess.com"]
[Date "2020.09.29"]
[Round "2"]
[White "dosto07"]
[Black "WIDBIFS"]
[Result "0-1"]
[WhiteElo "2319"]
[BlackElo "2622"]
[TimeControl "180+1"]
[EndTime "10:18:03 PDT"]
[Termination "WIDBIFS won on time"]

1. e4 c6 2. d4 g6 3. Nc3 Bg7 4. Nf3 d6 5. Be2 Nf6 6. O-O O-O 7. e5 Nd5 8. Nxd5 cxd5 9. Bf4 dxe5 10. dxe5 Bg4 11.
h3 Bf5 12. Nd4 Nc6 13. Nxf5 gxf5 14. Bf3 e6 15. Re1 Qc7 16. Qe2 Nd4 17. Qd3 Nxf3+ 18. Qxf3 Qxc2 19. Qg3 Kh8 20. Rac1 Qxb2 21. Rc7 Rac8 22. Rec1 Rxc7 23. Rxc7 Qxa2 24. Rxb7 Qa6 25. Re7 Qb6 26. Bg5 Qb8 27. f4 Qc8 28. Kh2 a5 29. Bf6 Bxf6 30. exf6 Rg8 31. Qf2 Qf8 32. Qa7 Qh6 33. Qd4 Qg6 34. Qb2 Qg3+ 35. Kh1 Qg6 36. Kh2 a4 37. Ra7 Qg3+ 38. Kh1 a3 39. Rxa3 Qxf4 40. Ra7 Rc8 41. Ra1 d4 42. Rd1 Rd8 43.
Qb6 Qd6 44. Qb2 h6 45. Qd2 Kh7 46. Qd3 Rg8 47. Qe2 Rg6 48. Qh5 Rxf6 49. Rd3 Rg6 50.
Qh4 Qe5 51. Qf2 Qe4 52. Rxd4 Qb1+ 53. Kh2 Qb8+ 54. Qf4 Qxf4+ 0-1

[Event "*** SCC Grand Prix: Titled Tuesday Blitz"]
[Site "Chess.com"]
[Date "2020.09.29"]
[Round "2"]
[White "Gerodot71"]
[Black "Atakishiyev04"]
[Result "1/2-1/2"]
[WhiteElo "2474"]
[BlackElo "2703"]
[TimeControl "180+1"]
[EndTime "10:18:04 PDT"]
[Termination "Game drawn by stalemate"]

1. d4 d5 2. c4 dxc4 3. e4 e5 4. Nf3 exd4 5. Bxc4 Nc6 6. O-O Bc5 7. Nbd2 Nge7 8. a3 O-O 9. b4 Bb6 10. Bb2 Bg4 11.
h3 Bh5 12. Qb3 a5 13. b5 a4 14. Qc2 Na5 15. Bd3 c5 16. Qxa4 Ng6 17. Rfe1 Nf4 18. Bf1 c4 19. Nxc4 Nxc4 20. Qxc4 Bxf3 21. g3 Rc8 22. Qa4 d3 23. gxf4 Qh4 24. Bd4 Ra8 25. Qc4 Bxd4 26. Qxd4 Rfd8 27. Qe3 d2 28. Qxf3 dxe1=Q 29. Rxe1 Qf6 30. e5 Qe7 31. Re3 Rd4 32. Bg2 Rad8 33.
Qxb7 Qh4 34. Rf3 Rxf4 35. Kh2 Qg5 36. b6 Rxf3 37. Qxf3 Qxe5+ 38. Qg3 Qxg3+ 39. fxg3 Kf8 40. a4 Ke7 41. a5 Kd6 42. a6 Kc5 43. a7 Kxb6 44.
a8=Q Rxa8 45. Bxa8 Kc5 46. Be4 g6 47. Kg2 Kd4 48. Bb1 Ke5 49. Kf3 f5 50. Ba2 Kf6 51. Bg8 h6 52. Bb3 g5 53. g4 fxg4+ 54. hxg4 h5 55.
gxh5 Kg7 56. Kg4 Kh8 57. Kxg5 Kg7 58. h6+ Kh8 59. Kg6 1/2-1/2

[Event "*** SCC Grand Prix: Titled Tuesday Blitz"]
[Site "Chess.com"]
[Date "2020.09.29"]
[Round "2"]
[White "Thee-Chessboy"]
[Black "Resignify"]
[Result "1-0"]
[WhiteElo "2429"]
[BlackElo "2226"]
[TimeControl "180+1"]
[EndTime "10:18:04 PDT"]
[Termination "Thee-Chessboy won on time"]

1. d4 Nf6 2. c4 g6 3. Nf3 Bg7 4. g3 O-O 5. Bg2 d6 6. O-O Nbd7 7. Nc3 e5 8. dxe5 dxe5 9. e4 c6 10. h3 Qe7 11. Be3 Nc5 12. Qc2 a5 13. Rad1 Re8 14. Rd2 Nfd7 15. Rfd1 Ne6 16. Na4 Bf8 17. a3 f6 18. h4 Rb8 19. Bh3 Nec5 20. Nxc5 Nxc5 21. Bxc8 Rbxc8 22. b4 axb4 23. axb4 Ne6 24. Rd7 Qxb4 25.
Rb1 Qa3 26. Rbxb7 Re7 27. Rxe7 Bxe7 28. h5 g5 29. Nh2 Nd4 30. Bxd4 exd4 31. Rb3 Qa1+ 32.
Kg2 Rd8 33. Ng4 Qa4 34. Nh6+ Kf8 35. Qb2 d3 36. Nf5 Qxc4 37. Rb4 Qe6 38. Rd4 Rxd4 39. Qxd4 Qb3 40. Qd7 Qb4 41. Qxd3 Qc5 42. Qd7 Kf7 43. Nh6+ Kf8 44. Nf5 Kf7 45. f3 Qc2+ 46. Kh3 Qc5 47. Nh6+ Kf8 48. Ng4 Kf7 49. Qc8 Qd6 50. Qh8 Bf8 51.
Qxh7+ Ke6 52. Qf5+ Ke7 53. h6 Ke8 54. h7 Kf7 55.
h8=Q 1-0

[Event "*** SCC Grand Prix: Titled Tuesday Blitz"]
[Site "Chess.com"]
[Date "2020.09.29"]
[Round "2"]
[White "A-Fier"]
[Black "Loy_Konstantin"]
[Result "1-0"]
[WhiteElo "2847"]
[BlackElo "2351"]
[TimeControl "180+1"]
[EndTime "10:18:06 PDT"]
[Termination "A-Fier won on time"]

1. e4 c5 2. Nf3 d6 3. d4 cxd4 4. Nxd4 Nf6 5. Nc3 g6 6. Be3 Bg7 7. f3 O-O 8. Qd2 Nc6 9. O-O-O Bd7 10. g4 Rc8 11. h4 Ne5 12. Be2 Qa5 13. Kb1 b5 14.
Nd5 Qxd2 15. Nxe7+ Kh8 16. Rxd2 Rce8 17. g5 Nxe4 18.
fxe4 Rxe7 19. Nxb5 Bxb5 20. Bxb5 Ng4 21. Bf4 Rxe4 22.
Bxd6 Rd8 23. c3 Kg8 24. Bf4 Rxd2 25. Bxd2 Ne5 26. Bc1 f6 27. gxf6 Bxf6 28. h5 g5 29.
Rg1 h6 30. c4 Nxc4 31. Bc6 Rd4 32. Rf1 Kg7 33. Re1 Ne5 34. Ba8 Nd3 35. Rf1 Nxc1 36.
Rxc1 Rd7 37. Bf3 Be5 38. a3 Kf6 39. Bg4 Rc7 40. Rf1+ Kg7 41. Re1 Bf6 42. Be6 Re7 43. b4 Bc3 44. Re3 Kf6 45. Rxc3 Rxe6 46. Kc2 g4 47. b5 Kg5 48. Rc7 a6 49. Rc6 Re5 50. b6 Rb5 51. a4 Rb4 52. a5 Kxh5 53. Rc3 Kh4 54. Rb3 Rxb3 55. Kxb3 g3 56. b7 g2 57. b8=Q g1=Q 58. Qd8+ Qg5 59. Qb6 h5 60. Qxa6 Qg3+ 61.
Kb4 Qf4+ 62. Qc4 1-0

[Event "*** SCC Grand Prix: Titled Tuesday Blitz"]
[Site "Chess.com"]
[Date "2020.09.29"]
[Round "2"]
[White "KarstenHansch"]
[Black "Chessbard1972"]
[Result "1-0"]
[WhiteElo "2458"]
[BlackElo "2292"]
[TimeControl "180+1"]
[EndTime "10:18:07 PDT"]
[Termination "KarstenHansch won on time"]

1. e4 c5 2. Nf3 a6 3. c3 d5 4. exd5 Qxd5 5. d4 Nf6 6. Be2 Bg4 7. O-O e6 8. h3 Bh5 9. Be3 cxd4 10. cxd4 Nc6 11.
Nc3 Qd6 12. g4 Bg6 13. Ne5 Be7 14. Qa4 O-O 15. Nxc6 bxc6 16. Rac1 Rfb8 17. b3 Rb4 18.
Qa5 Bd8 19. Qe5 Qe7 20. Na4 Bc7 21. Qc5 Bd6 22. Qxc6 Be4 23. Qc3 Nd5 24. Qc8+ Qf8 25. Qxf8+ Kxf8 26. Nc5 Bxc5 27. Rxc5 a5 28. Bb5 Nc3 29. Bc6 Bxc6 30. Rxc6 Nxa2 31. Ra1 Rxb3 32. Rxa2 a4 33. Rc1 a3 34. Rca1 Ke7 35. Kg2 Kd6 36. Bc1 Ra4 37. Bxa3+ Kd5 38. Bc5 Rxa2 39. Rxa2 e5 40. Rd2 Kc4 41. Bf8 exd4 42. Bxg7 d3 43.
Kf3 Rb1 44. h4 Re1 45. h5 Re6 46. g5 Re1 47. Kg4 Re2 48. Rd1 d2 49. f4 Kd3 50. f5 Re1 51. Rxd2+ Kxd2 52. g6 fxg6 53. fxg6 hxg6 54. hxg6 Rg1+ 55. Kf5 1-0

[Event "*** SCC Grand Prix: Titled Tuesday Blitz"]
[Site "Chess.com"]
[Date "2020.09.29"]
[Round "2"]
[White "tdf98pantani"]
[Black "Bigfish1995"]
[Result "1-0"]
[WhiteElo "2627"]
[BlackElo "3101"]
[TimeControl "180+1"]
[EndTime "10:18:08 PDT"]
[Termination "tdf98pantani won by resignation"]

1. e4 e5 2. Nf3 Nc6 3. Bc4 Bc5 4.
c3 Nf6 5. d3 d6 6. a4 a6 7. O-O Ba7 8. Nbd2 Ne7 9. Re1 Ng6 10.
Nf1 O-O 11. Ng3 Be6 12. Bxe6 fxe6 13. Qb3 Qd7 14. d4 Kh8 15. h3 exd4 16. cxd4 c5 17.
Be3 cxd4 18. Bxd4 Bxd4 19. Nxd4 Nf4 20. Rad1 e5 21. Ndf5 g6 22. Nxd6 Qc6 23. Nc4 Rae8 24. Qb4 b5 25. Nxe5 Qe6 26. Nf3 bxa4 27. Rd6 Qe7 28.
Qd4 Rd8 29. e5 N6h5 30. Nxh5 Nxh5 31. e6+ Kg8 32. Rd7 Qf6 33. e7 Qxd4 34. exf8=Q+ Kxf8 35. Rxd4 Rb8 36. Rxa4 Rxb2 37. Rxa6 Kg7 38. Rae6 Nf4 39. R6e4 Nd3 40. Re7+ Kh6 41. R1e2 Rb1+ 42. Kh2 Nf4 43.
R2e4 g5 44. g3 Ng6 45. R7e6 Kh5 46. h4 g4 47. R4e5+ Nxe5 48. Rxe5+ Kh6 49. Nd4 Rb2 50. Kg2 Rd2 51. Nf5+ Kg6 52. Ne3 h5 53. Rg5+ Kh6 54.
Nf5+ Kh7 55. Rxh5+ Kg6 56. Rg5+ Kh7 57. Ne3 Rd3 58.
Rxg4 Kh6 59. Rg5 Kh7 60. Ra5 Rc3 61. g4 1-0

[Event "*** SCC Grand Prix: Titled Tuesday Blitz"]
[Site "Chess.com"]
[Date "2020.09.29"]
[Round "2"]
[White "Caterpiller35"]
[Black "AvitalBor"]
[Result "1/2-1/2"]
[WhiteElo "2512"]
[BlackElo "2781"]
[TimeControl "180+1"]
[EndTime "10:18:08 PDT"]
[Termination "Game drawn by repetition"]

1. d4 Nf6 2. Bg5 d5 3. e3 Nbd7 4. Nd2 h6 5. Bxf6 Nxf6 6. Bd3 e6 7. Ngf3 Bd6 8. O-O O-O 9. c3 c5 10. Qe2 Qb6 11. Rab1 cxd4 12. exd4 a6 13. Ne5 Bxe5 14. Qxe5 Bd7 15. Rfe1 Bb5 16. Bc2 Rac8 17. Nf3 a5 18. Qf4 Ba6 19. h4 Qc7 20. Ne5 b5 21. g4 Nd7 22. g5 Nxe5 23. Rxe5 f6 24. gxf6 Rxf6 25. Qe3 Rcf8 26. Qd3 Rf5 27. Rbe1 Bc8 28. Qg3 R5f6 29. Qd3 Rf5 30. Qg3 Rxf2 31. Qg6 R8f6 32. Qh7+ Kf7 33. h5 Rxc2 34. Qxc2 Qd8 35. Qg2 Kg8 36. Rf1 Bd7 37. Rxf6 Qxf6 38. Qf2 Qe7 39. Qe3 Qf7 40. Qf2 Qe7 41. Qe3 Qh4 42. Qf2 Qg4+ 43. Kh2 b4 44. cxb4 axb4 45. Qe3 Kh8 46. Qf2 Kg8 47.
Qe3 Qd1 48. Qf2 Qd3 49. Qe3 Qc2+ 50. Kg3 Qxb2 51. Rxe6 Bxe6 52. Qxe6+ Kh7 53. Qg6+ Kh8 54.
Qe8+ Kh7 55. Qg6+ Kh8 56. Qe8+ Kh7 57. Qg6+ 1/2-1/2

[Event "*** SCC Grand Prix: Titled Tuesday Blitz"]
[Site "Chess.com"]
[Date "2020.09.29"]
[Round "2"]
[White "A-S-00"]
[Black "Keithonsky"]
[Result "1-0"]
[WhiteElo "2253"]
[BlackElo "2521"]
[TimeControl "180+1"]
[EndTime "10:18:08 PDT"]
[Termination "A-S-00 won by checkmate"]

1. d4 Nf6 2. c4 e6 3. g3 d5 4. Nf3 Be7 5. Bg2 O-O 6. O-O dxc4 7. Qc2 a6 8. Qxc4 b5 9. Qc2 Bb7 10. Bf4 Nd5 11. Bd2 Nb4 12. Qc1 Be4 13. Nc3 Bb7 14. a3 Nd5 15. Rd1 Nb6 16. e4 Nc6 17.
Be1 Na5 18. Qc2 Qc8 19. Nd5 exd5 20. Bxa5 Nc4 21. Bc3 dxe4 22. Ne5 f5 23. Nxc4 bxc4 24. Bb4 Qe6 25. Bxe7 Qxe7 26. Qxc4+ Qf7 27. Rac1 Rac8 28.
b4 Qxc4 29. Rxc4 Bd5 30. Rc5 c6 31. Rdc1 Ra8 32. Bf1 Rfb8 33. Be2 Rf8 34. Kf1 Rfb8 35. Ke1 Kf7 36. Kd2 Ke6 37. Ke3 Rb6 38. Bc4 Kd6 39. Bxd5 cxd5 40. Rc7 g5 41. Rxh7 f4+ 42. gxf4 gxf4+ 43. Kxf4 Rf8+ 44. Ke3 Rf3+ 45. Ke2 Rb8 46. Rh6+ Kd7 47.
Rxa6 Rbf8 48. Ra7+ Kd6 49. Ra6+ Kd7 50. Ra7+ Ke6 51.
Rc6+ Kf5 52. Rd7 Kg4 53. Rg6+ Kh3 54. Rh7# 1-0

[Event "*** SCC Grand Prix: Titled Tuesday Blitz"]
[Site "Chess.com"]
[Date "2020.09.29"]
[Round "2"]
[White "Shivagami"]
[Black "Grandmaster2B"]
[Result "0-1"]
[WhiteElo "2197"]
[BlackElo "2416"]
[TimeControl "180+1"]
[EndTime "10:18:10 PDT"]
[Termination "Grandmaster2B won on time"]

1. d4 Nf6 2. c4 e6 3. Nc3 Bb4 4. f3 c5 5. d5 b5 6. e4 O-O 7.
Bd3 d6 8. Nh3 exd5 9. cxd5 Bxh3 10. gxh3 Qd7 11. Bg5 Qxh3 12. Bxf6 gxf6 13. Rg1+ Kh8 14.
Qe2 c4 15. Bc2 Qh6 16. Rg3 Nd7 17. a3 Ba5 18. Kf2 Bb6+ 19. Kg2 a6 20. Nd1 Ne5 21.
Nf2 Ng6 22. Kh1 Nf4 23. Qd2 Bxf2 24. Qxf2 Rg8 25. Rag1 Ng6 26. Qg2 Qf4 27. Rg4 Qe5 28. Bb1 Rg7 29. h4 h5 30. Rg3 Nxh4 31. Qh3 Rxg3 32.
Rxg3 Ng6 33. Bc2 Kg7 34. Qg2 Rh8 35. Bd1 h4 36. Rg4 h3 37. Qh2 Qxh2+ 38. Kxh2 Rh5 39. f4 Rh4 40. f5 Rxg4 41. Bxg4 Ne5 42. Bxh3 Nd3 43.
Kg3 Nxb2 44. Kf2 c3 45. Ke2 Nc4 46. Kd3 Nxa3 47. Kxc3 a5 48. Kb3 Nc4 49. Bg2 a4+ 50. Kb4 a3 51. Kb3 b4 52. Bh3 Nd2+ 53. Ka2 Nxe4 54.
Bf1 Nc3+ 0-1